 Dungeon Crawl Stone Soup version 0.23.2-1-ga50397a6bc (webtiles) character file.

Game seed: 14174398603072507685

444 H0rd4k the Charlatan (level 7, 0/48 HPs)
             Began as a Human Artificer on Apr 30, 2019.
             Slain by a bullfrog (6 damage)
             ... on level 5 of the Dungeon.
             The game lasted 00:07:46 (4135 turns).

H0rd4k the Charlatan (Human Artificer)              Turns: 4135, Time: 00:07:47

Health: 0/48       AC:  3    Str: 14    XL:     7   Next: 23%
Magic:  10/10      EV: 13    Int: 12    God:
Gold:   226        SH:  0    Dex: 13    Spells: 6/6 levels left

rFire    . . .     SeeInvis .   a - +0 short sword
rCold    . . .     Gourm    .   (no shield)
rNeg     . . .     Faith    .   q - +1 robe {Archmagi}
rPois    .         Spirit   .   (no helmet)
rElec    .         Reflect  .   (no cloak)
rCorr    .         Harm     .   (no gloves)
MR       .....                  (no boots)
Stlth    ++........             (no amulet)
HPRegen  0.16/turn              (no ring)
MPRegen  0.12/turn              (no ring)

@: lightly drained
A: no striking features
a: no special abilities


You were on level 5 of the Dungeon.
You were not hungry.

You visited 2 branches of the dungeon, and saw 7 of its levels.

You collected 226 gold pieces.

Inventory:

Hand Weapons
 a - a +0 short sword (weapon)
 m - a cursed +0 short sword
Missiles
 z - 3 tomahawks (quivered)
Armour
 b - a +0 leather armour
 q - a +1 robe of the Archmagi (worn)
 y - a +0 helmet
Jewellery
 o - an uncursed ring of protection from cold {unknown}
Wands
 c - a wand of flame (9)
 d - a wand of enslavement (15)
 A - a wand of acid (8)
Scrolls
 h - 7 scrolls of teleportation {unknown}
 k - a scroll of amnesia {unknown}
 l - 3 scrolls of enchant armour {unknown}
 n - 6 scrolls of remove curse {unknown}
 r - 5 scrolls of identify {unknown}
 t - a scroll of fog {unknown}
 x - 2 scrolls of enchant weapon {unknown}
 C - a scroll of fear {unknown}
Potions
 e - a potion of invisibility {unknown}
 g - 2 potions of curing {unknown}
 i - 2 potions of flight {unknown}
 j - 3 potions of magic {unknown}
 p - a potion of degeneration {unknown}
 s - 4 potions of ambrosia {unknown}
 u - a potion of might {unknown}
 v - a potion of agility {unknown}
 w - a potion of lignification {unknown}
 B - a potion of cancellation {unknown}
Comestibles
 f - 9 rations


   Skills:
 + Level 1.5(1.2) Fighting
 + Level 3.7(3.4) Short Blades
 + Level 1.9(1.6) Armour
 + Level 3.1(2.8) Dodging
 + Level 3.4(3.2) Stealth
 + Level 4.5(4.2) Evocations


You had 6 spell levels left.
You didn't know any spells.
Your spell library was empty.

Dungeon Overview and Level Annotations

Branches:
Dungeon (6/15)             Temple (1/1) D:4

Altars:
Dithmenos
Fedhas
Gozag
Kikubaaqudgha
Makhleb
Okawaru
Qazlal
Ru
Sif Muna
Trog
Uskayaw
Vehumet
Xom
Yredelemnul

Annotations:
D:2 exclusion: downstairs
D:3 exclusion: 2 downstairs
D:4 exclusions: orc wizard and scorpion, Grinder


Message History

The bullfrog closely misses you.
Evoke which item? (* to show all) (? for menu, Esc to quit)
Aiming: Corrosive Bolt
Press: ? - help, Shift-Dir - straight line, f - bullfrog
Aim: a bullfrog (heavily wounded)
The bolt of acid misses the bullfrog.
The bullfrog hits you but does no damage.
The bullfrog hits you.
* * * LOW HITPOINT WARNING * * *
Evoke which item? (* to show all) (? for menu, Esc to quit)
That's the wrong kind of item! (Use * to select it.) Evoke which item? (* to show all) (? for menu, Esc to quit)
Okay, then.
Unknown command.
Evoke which item? (* to show all) (? for menu, Esc to quit)
Aiming: Corrosive Bolt
Press: ? - help, Shift-Dir - straight line, f/p - bullfrog
Aim: a bullfrog (heavily wounded)
The bolt of acid misses the bullfrog.
The bullfrog hits you.
You die...

#....###......#...##
#....#........#...##
#....#........#...##
#....#........#...#.
#....#........#...'.
#....#........#...#.
#...l.....>...#...#.
####F.........#.###.
#..@###########.#...
#....# #.....#...
#....# #.....#...
#....# #.....+...
#....# #.....#...
#....# #.....#...
###### #######...
####


You could see a bullfrog and a leopard gecko.

Vanquished Creatures
  Sigmund (D:2)
  A scorpion (D:4)
  A howler monkey (D:6)
  A hound (D:4)
  2 adders (D:2)
  7 gnolls
  An ooze (D:3)
  4 worms
  3 dart slugs
  2 leopard geckos
  7 orcs
  3 giant cockroaches
  6 hobgoblins
  3 jackals (D:3)
  5 kobolds
  4 bats
  6 frilled lizards
  3 goblins
  6 rats
66 creatures vanquished.

Notes
Turn   | Place    | Note
-------+----------+-------------------------------------------
     0 | D:1      | H0rd4k the Human Artificer began the quest for the Orb.
     0 | D:1      | Reached XP level 1. HP: 15/15 MP: 3/3
   465 | D:1      | Reached XP level 2. HP: 20/21 MP: 4/4
  1124 | D:2      | Noticed Sigmund
  1137 | D:2      | Killed Sigmund
  1137 | D:2      | Reached skill level 1 in Armour
  1137 | D:2      | Reached skill level 4 in Evocations
  1137 | D:2      | Reached XP level 3. HP: 26/26 MP: 4/6
  1137 | D:2      | Reached XP level 4. HP: 32/32 MP: 4/7
  1137 | D:2      | Reached XP level 5. HP: 37/37 MP: 4/8
  1175 | D:2      | Found a burning altar of Makhleb.
  1179 | D:2      | Reached XP level 6. HP: 42/43 MP: 9/9
  2472 | D:3      | Found a blossoming altar of Fedhas.
  2714 | D:4      | Noticed Grinder
  3175 | D:4      | Found a staircase to the Ecumenical Temple.
  3191 | Temple   | Entered the Ecumenical Temple
  3454 | D:4      | Reached XP level 7. HP: 48/48 MP: 10/10
  3458 | D:4      | Found a deep blue altar of Sif Muna.
  3459 | D:4      | Found a bloodstained altar of Trog.
  3679 | D:5      | Entered Level 5 of the Dungeon
  4135 | D:5      | Slain by a bullfrog

Skill      XL: |  1  2  3  4  5  6 |
---------------+-------------------+-----
Short Blades   | 2 3 |  3.7
Armour         | 1 |  1.9
Stealth        | 2 3 |  3.4
Evocations     | 4 |  4.5
Dodging        | 3 |  3.1
Fighting       | |  1.5

Action                   |  1- 3 |  4- 6 |  7- 9 || total
-------------------------+-------+-------+-------++-------
Melee: Short sword       |    47 |   205 |   109 ||   361
Throw: Tomahawk          |       |     1 |       ||     1
Evoke: Wand              |     4 |    16 |     3 ||    23
 Stab: Sleeping          |     2 |     6 |       ||     8
       Confused          |     2 |       |       ||     2
       Paralysed         |       |     2 |       ||     2
  Eat: Chunk             |       |     7 |       ||     7
       Ration            |       |       |     1 ||     1
Armor: Leather armour    |    15 |       |       ||    15
       Robe              |       |    23 |    19 ||    42
Dodge: Dodged            |    32 |    89 |    66 ||   187
